 Dungeon Crawl Stone Soup version 0.19.4-9-g45fd643 (webtiles) character file.

44 Nblphnx the Magician (level 3, -1/19 HPs)
             Began as a Deep Elf Wizard on Feb 17, 2017.
             Was an Initiate of Vehumet.
             Slain by Sigmund
             ... wielding a +0 scythe
              (11 damage)
             ... on level 2 of the Dungeon.
             The game lasted 00:34:02 (1354 turns).

Nblphnx the Magician (Deep Elf Wizard)              Turns: 1354, Time: 00:34:03

Health: -1/19      AC:  2    Str:  4    XL:     3   Next: 39%
Magic:  1/12       EV: 18    Int: 23    God:    Vehumet [......]
Gold:   119        SH:  0    Dex: 18    Spells: 3 memorised, 9 levels left

rFire  . . .     SeeInvis .     u - +0 spear
rCold  . . .     Gourm    .     a - +0 robe
rNeg   . . .     Faith    .     (no shield)
rPois  .         Spirit   .     b - +0 hat
rElec  .         Reflect  .     (no cloak)
rCorr  .         Harm     .     (no gloves)
MR     .....                    (no boots)
Stlth  +++.......               (no amulet)
                                (no ring)
                                (no ring)

@: agile
A: no striking features
a: Renounce Religion


You were on level 2 of the Dungeon.
You worshipped Vehumet.
Vehumet was noncommittal.
You were not hungry.

You visited 1 branch of the dungeon, and saw 2 of its levels.

You collected 119 gold pieces.

Inventory:

Hand Weapons
 h - a +0 dagger
 i - a +0 hand axe
 l - a +0 mace
 q - a +0 dagger
 t - a +0 falchion
 u - a +0 spear (weapon)
Missiles
 g - 8 poisoned needles
 j - 38 stones (quivered)
Armour
 a - a +0 robe (worn)
 b - a +0 hat (worn)
 f - a +0 ring mail
 k - a +0 buckler
 r - a +0 leather armour
Scrolls
 e - a scroll of magic mapping
 n - a scroll of recharging
Potions
 m - a potion of agility
 s - 2 potions of brilliance {unknown}
Books
 c - a book of Minor Magic

   Spells                             Type                      Level
   a - Magic Dart                     Conjuration                  1
   b - Blink                          Translocation                2
   c - Call Imp                       Summoning                    2
   d - Repel Missiles                 Charms/Air                   2
   e - Slow                           Hexes                        2
   f - Conjure Flame                  Conjuration/Fire             3
   g - Mephitic Cloud                 Conjuration/Poison/Air       3
Comestibles
 d - 2 bread rations
 o - a beef jerky


   Skills:
 + Level 2.4 Dodging
 + Level 2.4 Stealth
 + Level 6.1 Spellcasting
 + Level 1.3 Conjurations
 + Level 1.2 Summonings
 + Level 1.1 Translocations


You had 9 spell levels left.
You knew the following spells:

 Your Spells              Type           Power        Failure   Level  Hunger
a - Magic Dart            Conj           ##..         6%          1    None
b - Blink                 Tloc           N/A          10%         2    None
c - Call Imp              Summ           ##......     10%         2    None


Dungeon Overview and Level Annotations

Branches:
Dungeon (2/15)

Altars:
Fedhas
Okawaru
Vehumet

Annotations:
D:2 Sigmund


Message History

Confirm with . or Enter, or press ? or * to list all spells.
Aiming: Magic Dart
Press: ? - help, Shift-Dir - straight line, f/p - Sigmund
Aim: Sigmund, wielding a scythe and wearing a robe (heavily wounded, hasn't noticed you)
The magic dart hits Sigmund.
Sigmund is heavily wounded.
Sigmund shouts!
Casting: Magic Dart
Confirm with . or Enter, or press ? or * to list all spells.
Aiming: Magic Dart
Press: ? - help, Shift-Dir - straight line, f/p - Sigmund
Aim: Sigmund, wielding a scythe and wearing a robe (heavily wounded)
The magic dart hits Sigmund.
Sigmund is severely wounded.
Sigmund gestures wildly while chanting.
Sigmund flickers and vanishes!
Deactivating autopickup; reactivate with Ctrl-A.
Something hits you!
Ouch! That really hurt!
You die...

.# ......... †## ####..# #....
..########..####...
†..................
..#................
#.#######.......... ... #.#
##...#....# ... #.#
##...###...## .... #.#
#.........@.# ###... #.##
#..#...).#..## #... #..#
#.##.._..##..###.## .#.##
#..#.)...#........##
.#..###................†.#####
.....###...###...###...#.<...#
##.#.# ##...#...## ##........#
#...## ##.....## ###......#
###..# #...†## #..†.....


There were no monsters in sight!

Vanquished Creatures
  An adder (D:2)
  An ooze (D:1)
  A leopard gecko (D:2)
  3 giant cockroaches
  3 hobgoblins
  2 bats (D:2)
  4 frilled lizards (D:1)
  2 goblins (D:1)
  4 kobolds
  4 rats
25 creatures vanquished.

Vanquished Creatures (collateral kills)
  An adder (D:2)
  A giant cockroach (D:1)
  A kobold (D:2)
  A rat (D:2)
4 creatures vanquished.

Grand Total: 29 creatures vanquished

Notes
Turn   | Place    | Note
-------+----------+-------------------------------------------
     0 | D:1      | Nblphnx the Deep Elf Wizard began the quest for the Orb.
     0 | D:1      | Reached XP level 1. HP: 10/10 MP: 7/7
   371 | D:1      | Reached skill level 5 in Spellcasting
   547 | D:1      | Reached XP level 2. HP: 11/15 MP: 5/10
   559 | D:1      | Learned a level 2 spell: Blink
   562 | D:1      | Learned a level 2 spell: Call Imp
  1000 | D:2      | Found a blossoming altar of Fedhas.
  1076 | D:2      | Found a radiant altar of Vehumet.
  1076 | D:2      | Noticed Sigmund
  1136 | D:2      | Became a worshipper of Vehumet
  1257 | D:2      | Reached XP level 3. HP: 19/19 MP: 6/12
  1260 | D:2      | Reached skill level 6 in Spellcasting
  1290 | D:2      | Found an iron altar of Okawaru.
  1354 | D:2      | Slain by Sigmund

Skill      XL: |  1  2  3 |
---------------+----------+-----
Spellcasting   | 5 6 |  6.1
Dodging        | |  2.4
Stealth        | |  2.4
Conjurations   | |  1.3
Summonings     | |  1.2
Translocations | |  1.1

Action                   || total
-------------------------++-------
Melee: Mace              ||     5
 Cast: Magic Dart        ||    57
       Call Imp          ||     4
       Blink             ||     1
  Use: Scroll            ||     5
       Potion            ||     2
  Eat: Beef jerky        ||     1
Armor: Robe              ||     3
Dodge: Dodged            ||     9
